Map: [ESL] Alcyone

Players

Harstem - Winner!

  • Race: Protoss Protoss
  • League: Grandmaster
  • Spawn Location: 7:00

Dolan

  • Race: Terran Terran
  • League: Master
  • Spawn Location: 1:00

Event: HomeStory Cup XXIV

VOD

Have the link to the VOD?

Description

Time

  • Played on: Dec. 1, 2023, 7:20 a.m.
  • Length: 9:03

All games in this series

Show
View Real Time Build Order
Export as new Build Order

Harstem Protoss - Winner!

Build Orders: Oracle Opening 

Get SALT Encoding   

  12  0:00  Probe  
  13  0:12  Probe  
  14  0:17  Pylon  
  14  0:24  Probe (Chrono Boost)  
  15  0:36  Probe (Chrono Boost)  
  15  0:37  Gateway  
  16  0:44  Probe (Chrono Boost)  
  16  0:46  Assimilator  
  17  0:51  Probe  
  18  1:03  Probe  
  19  1:15  Probe  
  20  1:24  Cybernetics Core  
  20  1:27  Probe  
  20  1:31  Pylon  
  21  1:39  Probe  
  22  1:51  Probe  
  23  1:58  Adept (Chrono Boost)  
  25  2:06  Assimilator, Probe  
  26  2:14  Nexus  
  26  2:19  Probe  
  27  2:25  Adept  
  29  2:31  Pylon  
  29  2:35  Probe  
  30  2:45  Stargate  
  31  2:51  Probe  
  31  2:56  Warp Gate  
  31  3:03  Probe  
  32  3:15  Probe  
  29  3:20  Stalker  
  33  3:26  Oracle (Chrono Boost)  
  35  3:27  Probe  
  35  3:31  Probe  
  40  3:39  Probe  
  41  3:43  Probe  
  42  3:49  Nexus  
  42  3:52  Probe  
  44  3:55  Probe  
  46  4:04  Probe  
  46  4:07  Probe  
  48  4:10  Gateway  
  48  4:16  Probe  
  49  4:20  Probe  
  52  4:26  Pylon  
  52  4:28  Probe  
  52  4:29  Void Ray (Chrono Boost)  
  52  4:30  Shield Battery  
  53  4:32  Probe  
  53  4:35  Gateway  
  54  4:41  Assimilator  
  54  4:44  Probe x2  
  56  4:46  Sentry  
  58  4:54  Pylon  
  58  4:55  Shield Battery  
  58  4:56  Probe x2  
  60  5:01  Probe  
  60  5:04  Shield Battery  
  60  5:06  Stalker  
  61  5:08  Probe x2  
  61  5:11  Sentry  
  65  5:20  Probe (Chrono Boost)  
  66  5:22  Probe (Chrono Boost)  
  66  5:26  Forge  
  66  5:27  Twilight Council  
  64  5:29  Shield Battery, Probe (Chrono Boost)  
  64  5:31  Stalker x2  
  64  5:33  Probe (Chrono Boost)  
  64  5:34  Probe (Chrono Boost)  
  67  5:35  Adept  
  67  5:38  Probe (Chrono Boost)  
  67  5:41  Probe (Chrono Boost)  
  67  5:42  Probe (Chrono Boost)  
  72  5:46  Probe (Chrono Boost)  
  72  5:47  Probe x2 (Chrono Boost)  
  75  5:51  Probe (Chrono Boost)  
  75  5:53  Charge (Chrono Boost)  
  75  5:54  Sentry, Probe, Pylon  
  75  5:55  Zealot  
  75  5:56  Probe  
  82  5:58  Assimilator  
  82  6:00  Robotics Facility  
  82  6:02  Protoss Ground Armor Level 1 (Chrono Boost)  
  82  6:04  Pylon  
  82  6:08  Probe  
  83  6:13  Shield Battery  
  83  6:15  Zealot x2  
  83  6:16  Pylon  
  87  6:19  Pylon  
  87  6:22  Gateway  
  87  6:25  Gateway  
  87  6:27  Sentry  
  87  6:29  Probe x2  
  91  6:33  Gateway  
  91  6:36  Gateway  
  91  6:37  Gateway  
  91  6:40  Pylon  
  91  6:45  Photon Cannon  
  91  6:48  Probe  
  91  6:49  Warp Prism (Chrono Boost)  
  91  6:52  Pylon  
  94  6:56  Robotics Bay  
  94  6:59  Probe  
  94  7:00  Probe  
  96  7:06  Nexus  
  96  7:07  Pylon  
  96  7:10  Zealot  
  96  7:11  Zealot  
  96  7:12  Probe  
  96  7:14  Probe  
  101  7:18  Zealot x2  
  101  7:21  Observer (Chrono Boost)  
  101  7:22  Zealot  
  109  7:26  Pylon  
  109  7:29  Shield Battery  
  108  7:30  Sentry  
  108  7:31  Probe  
  108  7:35  Photon Cannon  
  108  7:36  Zealot  
  111  7:39  Probe  
  111  7:42  Probe  
  111  7:44  Photon Cannon, Probe  
  113  7:48  Zealot x3  
  120  7:54  Zealot x2  
  120  7:55  Disruptor (Chrono Boost)  
  122  8:02  Probe  
  127  8:05  Stalker x3  
  130  8:14  Shield Battery  
  130  8:16  Zealot x4  
  130  8:19  Zealot  
  129  8:34  Pylon  
  129  8:39  Stalker x4  
  134  8:44  Zealot x2  
  134  8:45  Zealot  
  126  8:51  Zealot  
  116  9:02  Nexus  
Show
View Real Time Build Order
Export as new Build Order

Dolan Terran 

Build Orders:  

Get SALT Encoding   

  12  0:00  SCV  
  13  0:12  SCV  
  14  0:17  Supply Depot  
  14  0:24  SCV  
  15  0:39  SCV  
  15  0:41  Barracks  
  16  0:51  SCV  
  16  0:54  Engineering Bay  
  17  1:03  SCV  
  18  1:05  Refinery  
  18  1:15  SCV  
  19  1:29  Orbital Command, Marine  
  20  1:49  Barracks Reactor  
  20  1:54  SCV  
  20  1:57  Command Center  
  21  2:06  Supply Depot  
  21  2:10  SCV  
  21  2:14  Barracks  
  22  2:19  Bunker  
  22  2:22  SCV  
  23  2:27  Marine x2  
  25  2:34  Barracks  
  26  2:37  SCV  
  26  2:46  Marine  
  26  2:47  Marine  
  28  2:54  SCV  
  29  3:02  Barracks Tech Lab  
  29  3:04  Marine x2  
  31  3:16  SCV  
  32  3:21  Orbital Command  
  32  3:23  Barracks Tech Lab, Marine  
  32  3:24  Marine x2  
  35  3:31  Stimpack  
  35  3:32  SCV  
  35  3:42  Marine  
  35  3:43  Combat Shield, Supply Depot, Marine x3  
  35  3:44  SCV  
  40  3:50  SCV  
  41  3:56  SCV  
  41  3:59  Refinery x2  
  41  4:00  Marine x3  
  41  4:01  Marine  
  46  4:06  Factory  
  46  4:08  SCV  
  46  4:19  SCV  
  46  4:20  SCV  
  46  4:24  Engineering Bay  
  48  4:25  Supply Depot  
  45  4:33  SCV x2  
  46  4:45  SCV x2  
  47  4:51  Terran Infantry Weapons Level 1  
  46  4:57  SCV x2  
  46  4:59  Marine x4, Starport  
  51  5:04  Factory Reactor  
  52  5:09  SCV x2  
  49  5:21  SCV x2  
  49  5:25  Marine x2  
  49  5:26  Marine x2  
  52  5:33  SCV  
  52  5:34  SCV  
  51  5:46  SCV x2  
  48  5:51  Missile Turret, Medivac x2  
  48  5:52  Factory Reactor  
  48  5:53  Marauder x2, Marine x2  
  57  5:58  SCV x2  
  57  6:02  Supply Depot  
  59  6:06  Refinery  
  59  6:11  SCV x2  
  61  6:12  Marine  
  62  6:18  Supply Depot  
  62  6:19  Marauder x2, Marine  
  62  6:25  Medivac x2  
  71  6:37  Barracks  
  71  6:38  Barracks  
  71  6:40  Marine x2  
  71  6:41  Marauder x2  
  71  6:44  SCV  
  71  6:45  SCV  
  79  6:53  Widow Mine x2  
  83  6:59  Liberator  
  86  7:04  Supply Depot  
  86  7:06  Liberator  
  86  7:07  Supply Depot  
  89  7:12  Marauder  
  89  7:13  Marauder  
  89  7:14  Marine  
  94  7:25  Marine  
  94  7:27  Supply Depot  
  95  7:36  Barracks Reactor, Barracks Tech Lab, Marine, Marauder x2  
  100  7:43  Marine  
  101  7:48  Liberator  
  101  7:49  Liberator  
  101  7:50  Widow Mine  
  111  7:51  Widow Mine  
  110  7:59  Concussive Shells  
  110  8:00  Marine x4  
  107  8:14  Marine  
  107  8:18  Marauder x2, Marine x2  
  107  8:19  Marauder  
  104  8:31  Widow Mine x2  
  96  8:40  Marine  
Tags
 
Add a new tag
Caveats
  • Supply blocks, unpowered buildings, or Contaminate may cause inaccurate times.
  • Supply counts are checked every 10 seconds.